Map: Eternal Empire LE

Players

CaptinFalcon

  • Race: Terran Terran
  • League: Diamond
  • Spawn Location: 7:00

VOD

Have the link to the VOD?

Description

Time

  • Played on: April 29, 2020, 5:44 p.m.
  • Length: 14:47
Show
View Real Time Build Order
Export as new Build Order

CaptinFalcon Terran 

Build Orders:  

Get SALT Encoding   

  12  0:02  SCV  
  13  0:19  SCV  
  14  0:24  Supply Depot  
  14  0:36  SCV  
  15  0:54  SCV  
  15  0:58  Barracks  
  16  1:02  Refinery  
  16  1:11  SCV  
  17  1:28  SCV  
  18  1:45  SCV  
  19  2:04  Orbital Command  
  19  2:08  Reaper  
  20  2:20  Command Center  
  20  2:32  Supply Depot  
  20  2:39  SCV  
  21  2:45  Refinery  
  21  2:48  Marine  
  22  2:56  SCV  
  23  3:06  Factory  
  23  3:13  SCV  
  23  3:18  Barracks Reactor  
  24  3:28  Unknown  
  24  3:30  SCV  
  25  3:47  SCV  
  26  4:00  Orbital Command  
  26  4:04  SCV  
  26  4:06  Factory Tech Lab  
  26  4:08  Marine x2  
  29  4:11  Starport  
  29  4:21  SCV  
  30  4:33  Marine x2  
  30  4:34  Siege Tank  
  30  4:36  SCV  
  30  4:38  SCV  
  37  4:48  Supply Depot  
  37  4:53  SCV  
  37  4:55  SCV  
  37  4:58  Marine x2  
  41  5:01  Starport Tech Lab  
  41  5:10  SCV  
  41  5:12  SCV  
  41  5:19  Siege Tank  
  46  5:22  Supply Depot  
  46  5:23  Marine x2  
  46  5:27  SCV  
  46  5:28  SCV  
  46  5:29  Refinery  
  50  5:32  Refinery  
  50  5:44  SCV  
  50  5:45  SCV  
  50  5:48  Marine x2  
  54  5:52  Supply Depot  
  54  5:53  Raven  
  56  6:01  SCV  
  56  6:02  SCV  
  58  6:13  Marine x2  
  58  6:18  SCV  
  58  6:19  SCV  
  62  6:22  Siege Tank  
  62  6:25  Supply Depot  
  62  6:27  Supply Depot  
  65  6:34  SCV  
  65  6:36  SCV  
  65  6:38  Marine x2  
  69  6:49  Stimpack  
  69  6:51  SCV  
  69  6:55  SCV  
  69  6:58  Supply Depot, Engineering Bay  
  69  6:59  Supply Depot, Engineering Bay  
  71  7:13  SCV x2  
  71  7:19  Barracks  
  73  7:20  Marine  
  73  7:21  Medivac  
  73  7:29  SCV  
  76  7:30  SCV  
  76  7:35  Terran Infantry Weapons Level 1, Terran Infantry Armor Level 1  
  78  7:47  SCV  
  78  7:48  SCV  
  80  7:50  Barracks  
  80  7:51  Barracks  
  80  7:57  Marine  
  80  7:58  Siege Tank  
  84  8:04  Starport Reactor  
  84  8:08  SCV x2  
  86  8:23  Command Center  
  86  8:25  SCV x2  
  88  8:31  Supply Depot  
  88  8:32  Supply Depot  
  88  8:42  SCV x2  
  88  8:44  Marine x3  
  88  8:45  Siege Tank  
  96  8:52  Armory  
  96  8:59  SCV x2  
  98  9:01  Barracks Reactor x2  
  98  9:07  Supply Depot  
  98  9:10  Supply Depot  
  98  9:15  SCV  
  98  9:16  SCV  
  100  9:25  Medivac x2, Marine  
  100  9:26  Marine x2  
  107  9:34  SCV x2  
  107  9:39  Unknown  
  109  9:40  Supply Depot  
  109  9:43  Siege Tank  
  109  9:47  Supply Depot  
  112  9:50  Marine  
  112  9:51  SCV x2, Marine x2  
  112  9:57  Terran Vehicle And Ship Armor Level 1  
  117  10:03  Orbital Command  
  117  10:05  Refinery  
  117  10:06  Refinery  
  117  10:17  SCV x2  
  126  10:22  Terran Infantry Armor Level 2, Terran Infantry Weapons Level 2  
  119  10:30  Supply Depot x2, Marine x4  
  119  10:31  Marine  
  119  10:33  Marine  
  119  10:34  Marine  
  119  10:38  Siege Tank  
  129  10:55  Command Center, Marine x4  
  129  10:56  Marine  
  129  10:57  Marine  
  135  11:00  Marine  
  135  11:05  Medivac x2  
  140  11:13  SCV x3  
  143  11:23  Siege Tank  
  143  11:25  Supply Depot  
  143  11:26  Supply Depot  
  146  11:30  SCV x3  
  146  11:31  Marine x7  
  156  11:49  SCV x3  
  159  11:56  Marine x6  
  165  12:01  Marine  
  165  12:07  Concussive Shells  
  165  12:08  Siege Tank  
  169  12:20  Marine  
  169  12:21  Marine x5  
  169  12:23  Barracks  
  169  12:26  Marine  
  169  12:27  Barracks x2  
  169  12:28  Barracks  
  176  12:31  Barracks  
  176  12:33  SCV x3  
  176  12:37  Planetary Fortress  
  179  12:41  Unknown  
  179  12:45  Marine  
  179  12:46  Marine x5  
  185  12:51  Marine  
  185  12:55  Siege Tank  
  189  13:08  SCV x3  
  192  13:10  Marine  
  192  13:11  Marine x5  
  192  13:16  Marine  
  192  13:19  Missile Turret  
  199  13:20  Missile Turret  
  199  13:24  Missile Turret  
  199  13:26  Missile Turret  
  200  13:31  Barracks Reactor  
  200  13:35  Barracks Reactor x3, Marine  
  200  13:36  Barracks Reactor  
  200  13:50  Fusion Core, Ghost Academy  
  200  13:55  Factory  
  200  13:57  Factory  
  200  14:00  Starport  
  200  14:02  Starport  
  200  14:03  Starport  
  200  14:13  Sensor Tower  
  200  14:19  Sensor Tower  
  200  14:24  Sensor Tower  
  200  14:42  Command Center  
  200  14:43  Barracks x2  
  200  14:45  Barracks  
Tags
 
Add a new tag
Caveats
  • Supply blocks, unpowered buildings, or Contaminate may cause inaccurate times.
  • Supply counts are checked every 10 seconds.